AoeStats
← ITA | MarknighT

Four Lakes

507942159Analyzed
1v1 RM · 13d ago on Sep 20, 2026· 38m 14s· 2 players
Game mode
Random Map
Map size
Tiny (2 player)
Population
200
Speed
Normal
Resources
Standard
Victory
Conquest
Starting age
Dark Age
Ending age
Imperial Age
RankedLock teamsTeams togetherTeam positionsShared explorationLock speedFull tech treeHidden civsTurbo modeCheats
Victory
Defeat
🇸🇪 Berbers · Sweden
2002
+15
🇮🇹 Tatars · Italy
1983
-15
ITA | MarknighT
7:50 Loom
10:02 Feudal Age
10:42 Double-Bit Axe
17:44 Castle Age
16:00 Gold Mining
16:42 Forging
18:00 Bloodlines
17:42 Fletching
18:29 Bodkin Arrow
21:57 Bow Saw
22:10 Padded Archer Armor
22:33 Husbandry
23:36 Scale Barding Armor
28:13 Chain Barding Armor
32:04 Ballistics
36:09 Imperial Age
34:14 Medium Warships
36:17 Leather Archer Armor
37:47 Bracer
Zezlot
8:48 Loom
11:39 Feudal Age
15:45 Castle Age
14:52 Scale Barding Armor
16:07 Double-Bit Axe
18:00 Chain Barding Armor
19:41 Fletching
21:22 Padded Archer Armor
22:02 Bodkin Arrow
24:03 Leather Archer Armor
27:35 Ballistics
Connection lost

Rejoining the realm…

Still unreachable

The connection could not be restored.

Session expired

The server has moved on; the page needs a fresh start.